 Dungeon Crawl Stone Soup version 0.25-a0-340-ga1faa1601d (webtiles) character file.

Game seed: 6804427710027113589, levelgen mode: deterministic

44 night the Gusty (level 3, -3/20 HPs)
             Began as a Tengu Air Elementalist on Dec 29, 2019.
             Killed from afar by Sigmund (9 damage)
             ... with a magic dart
             ... on level 2 of the Dungeon.
             The game lasted 00:05:33 (1425 turns).

night the Gusty (Tengu Air Elementalist)            Turns: 1425, Time: 00:05:33

Health: -3/20      AC:  2    Str:  8    XL:     3   Next: 62%
Magic:  6/7        EV: 12    Int: 16    God:
Gold:   107        SH:  0    Dex: 14    Spells: 4/7 levels left

rFire    . . .     SeeInvis .   o - +2 dagger (venom)
rCold    . . .     Gourm    .   (no shield)
rNeg     . . .     Faith    .   a - +0 robe
rPois    .         Spirit   .   (helmet restricted)
rElec    .         Reflect  .   (no cloak)
rCorr    .         Harm     .   (no gloves)
MR       .....                  (boots unavailable)
Stlth    ++........             (no amulet)
HPRegen  0.06/turn              (no ring)
MPRegen  0.10/turn              (no ring)

@: no status effects
A: beak, talons 3
a: no special abilities


You were on level 2 of the Dungeon.
You were hungry.

You visited 1 branch of the dungeon, and saw 2 of its levels.

You collected 107 gold pieces.

Inventory:

Hand Weapons
 g - a +0 hand axe
 k - a +2 short sword of protection
 o - a +2 dagger of venom (weapon)
Missiles
 b - 9 poisoned darts
 f - 79 stones (quivered)
 r - 49 arrows
Armour
 a - a +0 robe (worn)
Jewellery
 i - an uncursed ring of see invisible {unknown}
Scrolls
 d - 2 scrolls of fog {unknown}
 j - a scroll of fear {unknown}
 n - 2 scrolls of identify {unknown}
 p - a scroll of magic mapping {unknown}
 q - 2 scrolls of noise {unknown}
 s - a scroll of teleportation {unknown}
 u - 2 scrolls of random uselessness {unknown}
Potions
 e - a potion of haste {unknown}
 h - 2 potions of lignification {unknown}
 l - a potion of magic {unknown}
 m - 2 potions of curing {unknown}
Comestibles
 c - 3 rations


   Skills:
 + Level 1.3 Fighting
 - Level 2.1 Dodging
 - Level 2.0 Stealth
 + Level 2.5 Spellcasting
 + Level 2.5 Conjurations
 + Level 4.5 Air Magic


You had 4 spell levels left.
You knew the following spells:

 Your Spells              Type           Power        Failure   Level  Hunger
a - Shock                 Conj/Air       ##..         4%          1    #......
b - Swiftness             Chrm/Air       #.......     12%         2    ##.....

Your spell library contained the following spells:

 Spells                   Type           Power        Failure   Level  Hunger
 Static Discharge         Conj/Air       ##......     14%         3    ###....
 Airstrike                Air            ###.......   30%         4    #####..
 Lightning Bolt           Conj/Air       ##........   78%         5    ######.


Dungeon Overview and Level Annotations

Branches:
Dungeon (2/15)

Altars:
Fedhas

Annotations:
D:2 1 runed translucent door, Crazy Yiuf, Sigmund


Innate Abilities, Weirdness & Mutations

You have a beak for a mouth.
You have claws for feet.


Message History

Sigmund is moderately wounded.
Sigmund closely misses you.
You hit Sigmund.
Sigmund looks even sicker.
Sigmund is heavily wounded.
You closely miss Sigmund.
Sigmund is heavily wounded.
Sigmund hits you with a +0 scythe!
Ouch! That really hurt!
Casting: Shock (safe; 4% risk of failure)
Confirm with . or Enter, or press ? or * to list all spells.
Aiming: Shock (safe; 4% risk of failure)
Press: ? - help, Shift-Dir - straight line The zap misses Sigmund.
The zap hits Sigmund.
Sigmund is severely wounded.
Sigmund hits you with a +0 scythe.
* * * LOW HITPOINT WARNING * * *
There is a stone staircase leading up here.
Sigmund casts a spell at you. The magic dart hits you!
You die...

####..........####.........#
##.....{.................#
###..........####.......)..#
#............# #..........#
...........$.# #.........##
.####.......## #........##
..####.....## #...#.####
#..# #####.######.#.#..#
##.# ##...##.@.#.##.# ##.###
##....@......# .# .#...#
#............# .. ..##.#
#............# #.# ..##.#
#............# .#
...#.####..........##
.........#........##
รท....###.#.....####
.....##.........#


You could see Sigmund.

Vanquished Creatures
  An adder (D:2)
  2 dart slugs (D:2)
  3 leopard geckos
  2 goblins
  5 hobgoblins
  5 kobolds (D:1)
  2 ball pythons (D:1)
  2 bats (D:2)
  4 frilled lizards
  5 rats (D:1)
31 creatures vanquished.

Notes
Turn   | Place    | Note
-------+----------+-------------------------------------------
     0 | D:1      | night the Tengu Air Elementalist began the quest for the
                  | Orb.
     0 | D:1      | Reached XP level 1. HP: 10/10 MP: 4/4
   357 | D:1      | Reached XP level 2. HP: 16/16 MP: 0/6
   766 | D:1      | Reached skill level 1 in Fighting
   928 | D:2      | Learned a level 2 spell: Swiftness
   998 | D:2      | Reached XP level 3. HP: 19/20 MP: 5/7
  1161 | D:2      | Found a blossoming altar of Fedhas.
  1173 | D:2      | Found a runed translucent door.
  1174 | D:2      | Noticed Crazy Yiuf
  1309 | D:2      | Noticed Sigmund
  1425 | D:2      | Killed from afar by Sigmund

Levels and vault maps discovered:
D:1:      scummos_arrival_checkerplants, layout_basic, chequers_mini_garden
D:2:      layout_rooms, fedhas_altar_1, uniq_sigmund, uniq_crazy_yiuf_cottage

Skill      XL: |  1  2 |
---------------+-------+-----
Conjurations   | 2 |  2.5
Fighting       | 1 |  1.3
Dodging        | |  2.1
Stealth        | |  2.0
Spellcasting   | |  2.5
Air Magic      | |  4.5

Action                   || total
-------------------------++-------
Melee: Unarmed           ||     4
       Hand axe          ||     9
       Kick              ||     5
       Dagger            ||    11
       Short sword       ||     2
       Peck              ||     3
 Cast: Shock             ||    67
  Eat: Chunk             ||     2
Armor: Robe              ||     2
Dodge: Dodged            ||    22

Table legend:
 A = Non-vault XP
 B = Vault XP
 C = Vault XP percentage of total XP
 D = Non-vault monster count
 E = Vault monster count
 F = Vault count percentage of total count
                 A         B        C        D         E       F
            +---------+---------+-------+---------+---------+-------
      Total |      64 |       0 |   0.0 |      31 |       0 |   0.0
            +---------+---------+-------+---------+---------+-------
        D:1 |      28 |       0 |   0.0 |      20 |       0 |   0.0
        D:2 |      36 |       0 |   0.0 |      11 |       0 |   0.0
            +---------+---------+-------+---------+---------+-------
